 Dungeon Crawl Stone Soup version 0.24-a0-274-gb3763e6d51 (webtiles) character file.

Game seed: 16063993140348039325

1079 Shannon140 the Covert (level 8, 0/76 HPs)
             Began as a Naga Wanderer on Apr 26, 2019.
             Slain by a wight
             ... wielding a +0 war axe
              (1 damage)
             ... on level 6 of the Dungeon on Apr 27, 2019.
             The game lasted 00:12:50 (6203 turns).

Shannon140 the Covert (Naga Wanderer)               Turns: 6203, Time: 00:12:51

Health: 0/76       AC:  7    Str: 15    XL:     8   Next: 29%
Magic:  8/8        EV:  7    Int: 18    God:
Gold:   233        SH:  0    Dex:  9    Spells: 7/7 levels left

rFire    . . .     SeeInvis +   d - +0 dagger
rCold    + . .     Gourm    .   (no shield)
rNeg     . . .     Faith    .   c - +2 scale mail
rPois    +         Spirit   .   (no helmet)
rElec    .         Reflect  .   (no cloak)
rCorr    .         Harm     .   (no gloves)
MR       +....                  (no barding)
Stlth    ++........             m - amulet of regeneration
HPRegen  0.62/turn              a - -3 ring of dexterity (curse)
MPRegen  0.11/turn              q - ring of protection from cold

@: brilliant, flying, heavily drained, very slow
A: large, see invisible, deformed body, poison resistance, slowness 2, slow
metabolism 1, spit poison 1, AC +2
a: Spit Poison


You were on level 6 of the Dungeon.
You were not hungry.

You visited 1 branch of the dungeon, and saw 6 of its levels.

You collected 233 gold pieces.

Inventory:

Hand Weapons
 d - a +0 dagger (weapon)
Armour
 c - a +2 scale mail (worn)
 u - a +1 leather armour of cold resistance
Jewellery
 a - a cursed -3 ring of dexterity (left hand)
 g - a +2 ring of intelligence
 m - an amulet of regeneration (around neck)
 q - a ring of protection from cold (right hand)
 v - an uncursed amulet of faith {unknown}
 w - an uncursed ring of see invisible {unknown}
 x - a +3 amulet of reflection {unknown}
Scrolls
 b - 8 scrolls of teleportation
 h - 3 scrolls of remove curse
 k - a scroll of immolation
 l - 4 scrolls of blinking {unknown}
 n - 8 scrolls of identify
 p - 2 scrolls of amnesia {unknown}
 r - a scroll of random uselessness {unknown}
 s - a scroll of enchant armour {unknown}
Potions
 j - a potion of cancellation
 o - 2 potions of heal wounds {unknown}
 t - a potion of invisibility {unknown}
 z - a potion of curing
 A - a potion of lignification {unknown}
Comestibles
 f - 4 rations


   Skills:
 + Level 6.2(4.0) Fighting
 + Level 6.4(4.2) Short Blades
 - Level 1.0(0.0) Armour
 - Level 1.0(0.0) Dodging
 + Level 8.4(6.1) Stealth
   Level 1.0(0.0) Evocations


You had 7 spell levels left.
You didn't know any spells.
Your spell library was empty.

Dungeon Overview and Level Annotations

Branches:
Dungeon (6/15)
 Temple: D:4-7

Altars:

Annotations:
D:5 Blork the orc


Innate Abilities, Weirdness & Mutations

You cannot wear boots.
Your serpentine skin is tough. (AC +2)
You have supernaturally acute eyesight. (SInv)
Armour fits poorly on your strangely shaped body.
Your system is resistant to poisons. (rPois)
You cover ground very slowly.
You have a slow metabolism.
You can spit poison.


Message History

The wight closely misses you.
You barely miss the wight.
The wight is heavily damaged.
You hit the wight but do no damage.
The wight is heavily damaged.
The wight hits you with a +0 war axe!
* * * LOW HITPOINT WARNING * * *
You feel drained.
* * * LOW HITPOINT WARNING * * *
It was a potion of flight.
You feel very buoyant.
You fly up into the air.
The wight hits you with a +0 war axe.
* * * LOW HITPOINT WARNING * * *
Unknown command.
It was a potion of brilliance.
You feel clever all of a sudden. The wight hits you with a +0 war axe.
* * * LOW HITPOINT WARNING * * *
You feel drained.
You die...

###
###...######
........z@.#
......####.#
#.<.. #<#
#### #.# #.#
#.# #.# #.#
...


You could see a wight.

Vanquished Creatures
  Pikel (D:4)
  A slave (D:4)
  An ogre (D:4)
  A howler monkey (D:5)
  2 orc priests (D:4)
  A bullfrog skeleton (D:5)
  7 orc wizards
  A worker ant (D:6)
  4 gnolls
  8 adders
  5 worms
  2 dart slugs
  4 leopard geckos
  19 orcs
  2 ball pythons
  7 bats
  4 giant cockroaches
  3 hobgoblins
  A quokka (D:2)
  4 frilled lizards
  3 goblins
  A jackal skeleton (D:5)
  A jackal zombie (D:5)
  5 kobolds
  4 rats
92 creatures vanquished.

Notes
Turn   | Place    | Note
-------+----------+-------------------------------------------
     0 | D:1      | Shannon140 the Naga Wanderer began the quest for the Orb.
     0 | D:1      | Shannon140 set off with the following items: a +0 club, 2
                  | scrolls of teleportation, a +2 scale mail, a +0 dagger, a
                  | ration
     0 | D:1      | Reached XP level 1. HP: 22/22 MP: 1/1
   280 | D:1      | Reached XP level 2. HP: 30/30 MP: 2/2
   661 | D:2      | Reached skill level 4 in Stealth
   838 | D:2      | Reached XP level 3. HP: 21/36 MP: 3/3
  1274 | D:2      | Found a faded altar of an unknown god.
  1395 | D:2      | Reached XP level 4. HP: 41/45 MP: 4/4
  1575 | D:2      | Reached skill level 5 in Stealth
  2348 | D:3      | Reached XP level 5. HP: 46/51 MP: 5/5
  3250 | D:3      | Reached XP level 6. HP: 60/60 MP: 6/6
  3261 | D:3      | Reached skill level 6 in Stealth
  3818 | D:4      | Reached skill level 5 in Fighting
  4170 | D:4      | Reached XP level 7. HP: 27/67 MP: 7/7
  4523 | D:4      | HP: 2/67 [ogre/cursed -1 giant spiked club (20)]
  4526 | D:4      | Reached skill level 5 in Short Blades
  4826 | D:4      | Noticed Pikel
  4878 | D:4      | Killed Pikel
  4878 | D:4      | Reached skill level 8 in Stealth
  4878 | D:4      | Reached XP level 8. HP: 37/76 MP: 8/8
  5125 | D:5      | Entered Level 5 of the Dungeon
  5873 | D:5      | Noticed Blork the orc
  6203 | D:6      | HP: 1/76 [wight/+0 war axe (5)]
  6203 | D:6      | Slain by a wight

Levels and vault maps discovered:
D:1:      nagdon_arrival_zigzag_paths, layout_basic, minivault_4
D:2:      layout_basic, chequers_ecumenical_altar_simple
D:3:      layout_rooms
D:4:      layout_basic, first_ration, uniq_pikel
D:5:      layout_basic, uniq_edmund, uniq_blork_the_orc
D:6:      layout_loops_ring, minmay_temple_entry_waves, corner_web_ring,
          grunt_dithmenos_shadows

Skill      XL: |  1  2  3  4  5  6  7 |
---------------+----------------------+-----
Stealth        | 4 5 6 8 |  8.4
Short Blades   | 2 3 4 6 |  6.4
Fighting       | 5 6 |  6.2
Armour         | |  1.0
Dodging        | |  1.0
Evocations     | |  1.0

Action                   |  1- 3 |  4- 6 |  7- 9 || total
-------------------------+-------+-------+-------++-------
Melee: Dagger            |   182 |   360 |   279 ||   821
 Abil: Spit Poison       |    14 |    56 |    33 ||   103
  Use: Scroll            |     5 |     2 |     2 ||     9
       Potion            |       |     1 |     3 ||     4
 Stab: Sleeping          |       |     1 |     1 ||     2
  Eat: Chunk             |     2 |    10 |     2 ||    14
       Ration            |       |       |     2 ||     2
Armor: Scale mail        |   100 |   185 |   121 ||   406
Dodge: Dodged            |    73 |   151 |    96 ||   320

Table legend:
 A = Non-vault XP
 B = Vault XP
 C = Vault XP percentage of total XP
 D = Non-vault monster count
 E = Vault monster count
 F = Vault count percentage of total count
                 A         B        C        D         E       F
            +---------+---------+-------+---------+---------+-------
      Total |     913 |     629 |  40.8 |      90 |       1 |   1.1
            +---------+---------+-------+---------+---------+-------
        D:1 |      14 |       0 |   0.0 |      11 |       0 |   0.0
        D:2 |     252 |       0 |   0.0 |      33 |       0 |   0.0
        D:3 |     138 |       0 |   0.0 |      24 |       0 |   0.0
        D:4 |     335 |     629 |  65.2 |      13 |       1 |   7.1
        D:5 |     141 |       0 |   0.0 |       8 |       0 |   0.0
        D:6 |      33 |       0 |   0.0 |       1 |       0 |   0.0
            +---------+---------+-------+---------+---------+-------
